 Dungeon Crawl Stone Soup version 0.30.1-11-g7821555f0a (webtiles) character file.

Game seed: 7551414216671978605

378 lonewolfV2 the Ducker (level 6, -1/42 HPs)
             Began as an Octopode Fighter on Nov 2, 2023.
             Was an Initiate of Ru.
             Slain by a mummy (4 damage)
             ... in an ossuary.
             The game lasted 00:07:01 (3232 turns).

lonewolfV2 the Ducker (Octopode Fighter)            Turns: 3232, Time: 00:07:01

Health: -1/42      AC:  1    Str: 17    XL:     6   Next: 74%
Magic:  6/6        EV: 14    Int: 11    God:    Ru [......]
Gold:   194        SH:  4    Dex: 11    Spells: 5/5 levels left

rFire   . . .        a - +0 war axe
rCold   . . .        b - +0 buckler
rNeg    . . .        (helmet restricted)
rPois   .            p - amulet of magic regeneration
rElec   .            (no ring)
rCorr   .            (no ring)
SInv    .            (no ring)
Will    .....        (no ring)
Stlth   ++++         (no ring)
HPRegen 0.27/turn    (no ring)
MPRegen 0.50/turn    (no ring)
                     (no ring)

%: no passive effects
@: no status effects
A: almost no armour, amphibious, 8 rings, camouflage 1, gelatinous body 1,
(nimble swimmer 1), tentacles
a: Renounce Religion


You were in an ossuary.
You worshipped Ru.
Ru was noncommittal.
You visited 2 branches of the dungeon, and saw 5 of its levels.
You also visited: Ossuary.

You collected 194 gold pieces.

Inventory:

Hand Weapons
 a - a +0 war axe (weapon)
Armour
 b - a +0 buckler (worn)
Jewellery
 i - a ring of ice
 p - an amulet of magic regeneration (around mantle)
Wands
 h - a wand of mindburst (17)
Scrolls
 f - a scroll of teleportation
 k - 2 scrolls of fog
 m - a scroll of fear {unknown}
 n - a scroll of magic mapping
Potions
 c - 2 potions of might
 d - 2 potions of curing
 e - a potion of invisibility
 g - a potion of resistance
 j - a potion of flight {unknown}
 l - 2 potions of ambrosia {unknown}


   Skills:
 + Level 3.0 Fighting
 - Level 2.0 Axes
 * Level 6.2 Dodging
 - Level 5.2 Stealth
 + Level 3.0 Shields


You had 5 spell levels left.
You didn't know any spells.
Your spell library contained the following spells:

 Spells                   Type           Power      Damage    Failure   Level
 Apportation              Tloc           0%         N/A       41%         1
 Shock                    Conj/Air       0%         1d3       41%         1
 Alistair's Intoxication  Tmut/Pois      0%         N/A       100%        5


Dungeon Overview and Level Annotations

Branches:
Dungeon (4/15)             Temple (1/1) D:4         Ossuary (1/1)

Altars:
Cheibriados
Dithmenos
Fedhas
Gozag
Hepliaklqana
Nemelex Xobeh
Ru
Sif Muna
Trog
Yredelemnul

Annotations:
D:4 Grinder


Innate Abilities, Weirdness & Mutations

You cannot wear most types of armour.
You are amphibious.
You can wear up to eight rings at the same time.
Your skin changes colour to match your surroundings (Stealth+).
Your rubbery body absorbs attacks. (AC +1, EV +1)
((You are camouflaged when in or above water. (Stealth+)))
You have tentacles for arms and can constrict up to eight enemies at once.


Message History

Found 5 stones.
Found a cloak.
You see here 5 stones.
Found a stone staircase leading up.
There is a stone staircase leading up here.
m - a scroll labelled KOHEMA VUNE You hear the rapid hiss of an avalanche of sand very nearby.
Could not explore, unopened door.
Could not explore, unopened door.
Could not explore, unopened door.
You open the door.
Found a scroll of magic mapping.
There is an open door here.
Found a stone staircase leading down.
n - a scroll of magic mapping A goblin comes into view.
It is wielding a +1 dagger of speed.
A worm comes into view.
You open the door.
Grinder comes into view.
Found a sand-covered staircase.
There is an open door here.
There is a sand-covered staircase here.
The world spins around you as you enter the gateway.
You enter an ossuary!
Found a gate leading back out of this place.
There is an empty arch of ancient stone here.
You hit the mummy but do no damage. Your grab misses the mummy.
You barely miss the mummy. The mummy hits you! The mummy barely misses you.
You hit the mummy. You grab the mummy.
The mummy is lightly damaged.
You hit the mummy. You hit the mummy but do no damage. You constrict the mummy.
You block the mummy's attack. The mummy hits you! x2
* * * LOW HITPOINT WARNING * * *
You slash the mummy! You squeeze the mummy!
You destroy the mummy!
You hit the mummy but do no damage. You barely miss the mummy.
The mummy hits you.
* * * LOW HITPOINT WARNING * * *
The mummy hits you.
You die...

#
#.###########
...^........##
.^........M..#
.....∩.∩..@..#
..........M..#
^..^........##
#.###########
#


You could see 2 mummies.

Vanquished Creatures
  A black bear (D:4)
  A phantom (D:4)
  A hound (D:4)
  A jelly (D:4)
  An orc wizard (D:4)
  A mummy (Ossuary)
  A gnoll (D:1)
  4 adders
  A worm (D:2)
  3 dart slugs
  5 orcs
  6 endoplasms
  5 giant cockroaches
  6 hobgoblins
  4 jackals
  5 kobolds
  3 quokkas
  8 ball pythons
  4 bats
  4 frilled lizards
  5 goblins
  7 rats
77 creatures vanquished.

Notes
Turn   | Place    | Note
-------+----------+-------------------------------------------
     0 | D:1      | lonewolfV2 the Octopode Fighter began the quest for the
                  | Orb.
     0 | D:1      | Reached XP level 1. HP: 16/16 MP: 1/1
   129 | D:1      | Reached skill level 1 in Stealth
   197 | D:1      | Reached XP level 2. HP: 10/21 MP: 2/2
   664 | D:1      | Reached XP level 3. HP: 21/26 MP: 3/3
  1000 | D:2      | Reached skill level 4 in Dodging
  1097 | D:2      | Found a faded altar of an unknown god.
  1124 | D:2      | Got Plato's Thoughts on Gaseous Arcane Combat
  1425 | D:2      | Reached XP level 4. HP: 31/31 MP: 4/4
  2208 | D:3      | Identified the +5 ring mail "Sanegh" {-Cast Rampage rF+
                  | Dex+4}
  2586 | D:4      | Found a staircase to the Ecumenical Temple.
  2612 | D:4      | Reached skill level 5 in Dodging
  2612 | D:4      | Reached XP level 5. HP: 28/36 MP: 5/5
  2732 | Temple   | Entered the Ecumenical Temple
  2833 | Temple   | Became a worshipper of Ru the Awakened
  2972 | D:4      | Noticed a phantom
  2982 | D:4      | Killed a phantom
  2983 | D:4      | Reached XP level 6. HP: 23/42 MP: 6/6
  3083 | D:4      | Noticed a black bear
  3090 | D:4      | Killed a black bear
  3091 | D:4      | Reached skill level 6 in Dodging
  3091 | D:4      | Reached skill level 5 in Stealth
  3222 | D:4      | Found a sand-covered staircase.
  3222 | D:4      | Noticed Grinder
  3226 | Ossuary  | Entered an ossuary
  3232 | Ossuary  | Slain by a mummy

Illustrated notes

Levels and vault maps discovered:
D:1:      amcnicky_arrival_gap_in_the_tavern_cellar, layout_basic
D:2:      layout_basic, shapermc_ecumenical_altar_rom_forum
D:3:      layout_basic, grunt_ministairs_8
D:4:      layout_basic, nicolae_overflow_hallway_of_the_gods,
          nicolae_tso_swordbearing_angel, minmay_temple_entry_statues_pillars,
          enter_ossuary_5, minmay_misc_feat_room, lemuel_flame_loot_1,
          uniq_grinder, uniq_crazy_yiuf_cottage, uniq_eustachio
Temple:   eino_temple_lava
Ossuary:  ossuary_the_hunt_dpeg

Skill      XL: |  1  2  3  4  5  6 |
---------------+-------------------+-----
Stealth        | 1 2 3 4 5 |  5.2
Dodging        | 4 5 6 |  6.2
Fighting       | |  3.0
Axes           | |  2.0
Shields        | |  3.0

Action                     |  1- 3 |  4- 6 || total
---------------------------+-------+-------++-------
  Melee: War axe           |    64 |    83 ||   147
         Constrict         |    16 |    18 ||    34
         Tentacles         |    12 |    16 ||    28
    Use: Scroll            |     1 |     9 ||    10
   Stab: Sleeping          |     8 |     8 ||    16
 Armour: Skin              |     7 |     5 ||    12
  Dodge: Dodged            |    41 |    57 ||    98
  Block: Buckler           |    19 |    26 ||    45
